 Dungeon Crawl Stone Soup version 0.28.0-47-ge53b351184 (webtiles) character file.

Game seed: 2702921713101821124

202580 CryoSword the Geomancer (level 18, -2/108 HPs)
             Began as a Gargoyle Earth Elementalist on May 9, 2022.
             Was the Champion of the Shining One.
             Killed from afar by a purple draconian (32 damage)
             ... with a bolt of dispelling energy
             ... summoned by Mlioglotl
             ... on level 1 of the Shoals.
             The game lasted 01:37:05 (41986 turns).

CryoSword the Geomancer (GrEE)                     Turns: 41986, Time: 01:37:06

Health: -2/108     AC: 27    Str:  9    XL:     18   Next: 58%
Magic:  19/27      EV: 12    Int: 23    God:    the Shining One [******]
Gold:   328        SH: 23    Dex: 11    Spells: 4/30 levels left

rFire   + . .      SeeInvis .   a - +6 flail "Zilets" {flame, rC+++ Will+++ Str-2 Dex-2}
rCold   + + +      Faith    .   x - +2 tower shield {AC+3}
rNeg    + + +      Spirit   .   N - +0 troll leather armour
rPois   ∞          Reflect  +   (helmet restricted)
rElec   +          Harm     .   C - scarf {repulsion}
rCorr   .          Rampage  .   A - +1 pair of gloves
Will    ++++.                   O - +1 pair of boots "Ubaehuw" {Dex+3 Slay+3}
Stlth   +.........              p - amulet of reflection
HPRegen 1.08/turn               g - ring of wizardry
MPRegen 0.20/turn               d - ring of protection from fire

@: flying, glowing, studying 2 skills, repel missiles
A: sickness immunity, AC +13, big wings, negative energy resistance 1,
electricity resistance, torment resistance 1, petrification resistance, antennae
1, beak, weak 1
}: 1/15 runes: serpentine
a: Renounce Religion, Divine Shield, Cleansing Flame, Summon Divine Warrior,
Brand Weapon With Holy Wrath


You were on level 1 of the Shoals.
You worshipped the Shining One.
The Shining One was exalted by your worship.
You visited 6 branches of the dungeon, and saw 29 of its levels.
You also visited: Ice Cave and Volcano.

You collected 3151 gold pieces.
You spent 2823 gold pieces at shops.

Inventory:

Hand Weapons
 a - the +6 flail "Zilets" (weapon) {flame, rC+++ Will+++ Str-2 Dex-2}
   (You took it off an ogre mage on level 10 of the Dungeon)

   It burns those it strikes, dealing additional fire damage.
   Str:       It affects your strength (-2).
   Dex:       It affects your dexterity (-2).
   rC:        It renders you almost immune to cold.
   Will:      It greatly increases your willpower.
 s - a +3 triple sword of holy wrath
   (You took it off Rupert on level 14 of the Dungeon)
Missiles
 c - 613 stones
 j - 18 boomerangs
 H - 12 curare-tipped darts
 X - a throwing net
Armour
 x - a +2 tower shield of protection (worn)
   (You took it off a naga warrior on level 4 of the Snake Pit)
 A - a +1 pair of gloves (worn)
   (You found it on level 6 of the Dungeon)
 C - a scarf of repulsion (worn)
   (You found it on level 4 of the Lair of Beasts)
 I - a +2 helmet
   (You found it on level 7 of the Dungeon)
 N - a +0 troll leather armour (worn)
   (You found it on level 10 of the Dungeon)
 O - the +1 pair of boots "Ubaehuw" (worn) {Dex+3 Slay+3}
   (You acquired it on level 2 of the Lair of Beasts)

   Dex:       It affects your dexterity (+3).
   Slay:      It affects your accuracy & damage with ranged weapons and melee
   (+3).
 W - a +1 cloak of fire resistance
   (You found it in a volcano)
Magical Staves
 w - a staff of conjuration
   (You found it on level 2 of the Dungeon)
Jewellery
 d - a ring of protection from fire (right hand)
   (You bought it in a shop on level 1 of the Snake Pit)
 g - a ring of wizardry (left hand)
   (You bought it in a shop on level 2 of the Orcish Mines)
 m - a ring of willpower
   (You took it off an orc on level 12 of the Dungeon)
 p - an amulet of reflection (around neck)
   (You bought it in a shop on level 1 of the Snake Pit)
 r - a +4 ring of protection
   (You found it on level 3 of the Dungeon)
 D - a ring of magical power
   (You found it on level 6 of the Dungeon)
 V - the ring "Hinuxuve" {rC+ rN+}
   (You found it on level 14 of the Dungeon)

   [ring of positive energy]

   rC:        It protects you from cold.
   rN:        It protects you from negative energy.
Wands
 v - a wand of iceblast (10) (quivered)
   (You found it on level 5 of the Dungeon)
 y - a wand of flame (77)
   (You found it on level 7 of the Dungeon)
 F - a wand of digging (8)
   (You found it on level 6 of the Dungeon)
 R - a wand of charming (15)
   (You found it on level 1 of the Lair of Beasts)
Scrolls
 e - 14 scrolls of teleportation {@r4}
 k - 4 scrolls of magic mapping
 o - 4 scrolls of immolation {!r}
 t - a scroll of enchant armour
 K - 2 scrolls of summoning
 L - 3 scrolls of fear
 T - a scroll of fog
 U - 3 scrolls of holy word
Potions
 b - 14 potions of curing {@q1}
 h - 2 potions of resistance
 l - 6 potions of heal wounds {@q2}
 q - 8 potions of brilliance
 u - 3 potions of cancellation
 B - 6 potions of might
 E - 3 potions of magic
 G - 9 potions of haste {@q3}
 J - 3 potions of mutation {!q}
 M - 5 potions of lignification {!q}
 P - 4 potions of berserk rage
Miscellaneous
 f - a box of beasts
   (You found it on level 10 of the Dungeon)


   Skills:
 * Level 10.4 Fighting
 - Level 13.3(14.0) Maces & Flails
 - Level 6.5(10.8) Staves
 - Level 9.0 Armour
 * Level 8.3 Dodging
 - Level 2.1 Stealth
 * Level 12.6 Shields
 + Level 6.5 Spellcasting
 + Level 13.0 Conjurations
 - Level 4.0 Translocations
 + Level 9.1 Transmutations
 - Level 14.0 Earth Magic
 + Level 9.2 Invocations
 - Level 5.5 Evocations


You had 4 spell levels left.
You knew the following spells:

 Your Spells              Type           Power      Damage    Failure   Level
a - Stone Arrow           Conj/Erth      100%       3d13      1%          3
b - Petrify               Tmut/Erth      57%        N/A       1%          4
c - Irradiate             Conj/Tmut      28%        3d23      6%          5
d - Iron Shot             Conj/Erth      31%        9d6       12%         6
A - Apportation           Tloc           50%        N/A       4%          1
L - Iskenderun's Battles  Conj           61%        2d11      2%          5
P - Passwall              Tmut/Erth      47%        N/A       1%          2

Your spell library contained the following spells:

 Spells                   Type           Power      Damage    Failure   Level
 Sandblast                Erth           100%       2d20      1%          1
 Searing Ray              Conj           100%       2d8       1%          2
 Static Discharge         Conj/Air       37%        N/A       1%          2
 Iskenderun's Mystic Bla  Conj/Tloc      46%        2d10      6%          4
 Gell's Gravitas          Tloc           25%        N/A       12%         3
 Lesser Beckoning         Tloc           25%        N/A       12%         3
 Teleport Other           Tloc           25%        N/A       12%         3
 Sticky Flame             Conj/Fire      37%        2d6       13%         4
 Call Imp                 Summ           7%         N/A       28%         2
 Ensorcelled Hibernation  Hex/Ice        14%        N/A       28%         2
 Summon Guardian Golem    Hex/Summ       7%         N/A       50%         3
 Swiftness                Air            7%         N/A       50%         3
 Dispel Undead            Necr           7%         3d8       86%         4
 Summon Ice Beast         Ice/Summ       7%         N/A       86%         4
 Lightning Bolt           Conj/Air       18%        1d33      34%         5
 Alistair's Intoxication  Tmut/Pois      18%        N/A       61%         5
 Summon Forest            Summ/Tloc      8%         N/A       91%         5
 Eringya's Noxious Bog    Tmut/Pois      14%        N/A       98%         6
 Summon Mana Viper        Hex/Summ       7%         N/A       99%         5
 Dispersal                Tloc           12%        N/A       99%         6
 Simulacrum               Ice/Necr       3%         N/A       100%        6
 Haunt                    Necr/Summ      3%         N/A       100%        7
 Monstrous Menagerie      Summ           3%         N/A       100%        7
 Spellforged Servitor     Conj/Summ      18%        N/A       100%        7
 Summon Hydra             Summ           3%         N/A       100%        7
 Borgnjor's Revivificati  Necr           3%         N/A       100%        8
 Necromutation            Tmut/Necr      14%        N/A       100%        8
 Death's Door             Necr           3%         N/A       100%        9


Dungeon Overview and Level Annotations

Branches:
Dungeon (15/15)            Temple (1/1) D:4            Lair (6/6) D:9
 Shoals (1/4) Lair:3        Snake (4/4) Lair:3        Slime (0/5) Lair:6
    Orc (2/2) D:12            Elf (0/3) Orc:2        Vaults (0/5) D:14
 Depths (0/4) D:15          IceCv (visited)         Volcano (visited)

Altars:
Ashenzari
Cheibriados
Dithmenos
Elyvilon
Fedhas
Gozag
Hepliaklqana
Kikubaaqudgha
Makhleb
Nemelex Xobeh
Okawaru
Qazlal
Ru
Sif Muna
Trog
Uskayaw
Vehumet
Wu Jian
Xom
Yredelemnul
Zin
The Shining One
Beogh
Jiyva

Shops:
D:11 !   Orc:2 [!=*   Snake:1 :=:   Snake:3 *

Annotations:
D:4 3 runed translucent doors, student91827's ghost, amateur HuBe
D:14 exclusion: door
D:15 2 transporters, Gosau's ghost, journeyman DsGl
Lair:6 1 runed translucent door
Shoals:1 Mlioglotl


Innate Abilities, Weirdness & Mutations

You are immune to sickness and miasma.
Your stone body is resilient. (AC +13)
You are immune to poison.
Your large and strong wings let you fly.
You resist negative energy. (rN+)
You are resistant to electric shocks. (rElec)
You are resistant to unholy torment.
You are immune to petrification.
You have a pair of small antennae on your head.
You have a beak for a mouth.
You are weak. (Str -2)


Message History

A dream sheep comes into view.
The dream sheep bleats!
You hear a bleat!
A dream sheep comes into view.
A faun comes into view. It is wielding a +0 spear.
There are monsters nearby!
There are monsters nearby!
There are monsters nearby!
Found a short sword.
The faun shouts!
The dream sheep bleats!
A cyclops comes into view.
A dream sheep comes into view.
The faun unwields a +0 spear.
The faun wields a +0 hunting sling.
The faun shoots a stone.
You reflect the stone off an invisible shield around you!
The stone barely misses the faun.
The faun unwields a +0 hunting sling.
The faun wields a +0 spear.
You block the faun's attack.
You sock the faun! You burn the faun. You peck the faun.
You block the faun's attack.
You hit the faun. You burn the faun. You peck the faun.
The faun closely misses you.
You hit the faun. You burn the faun. You block the faun's attack.
You barely miss the faun. You block the faun's attack.
You sock the faun! You burn the faun. You block the dream sheep's attack.
You block the faun's attack.
You barely miss the faun. You block the dream sheep's attack.
The faun hits you but does no damage.
You erupt in a fountain of uncontrolled magic!
The dream sheep is blasted with magical radiation!!!
You kill the dream sheep!
The faun is blasted with magical radiation!!
You kill the faun!
The dream sheep is blasted with magical radiation!!!
You kill the dream sheep!
You are very lightly contaminated with residual magic.
A dream sheep comes into view.
A dream sheep comes into view.
The dream sheep bleats!
You hear a bleat!
You thump the cyclops! You burn the cyclops. You sock the cyclops!
You burn the cyclops. You peck the cyclops. You block the cyclops's attack.
The dream sheep barely misses you.
You sock the cyclops! You burn the cyclops.
You kill the cyclops!
You erupt in a fountain of uncontrolled magic!
The dream sheep is blasted with magical radiation!!
You kill the dream sheep!
The dream sheep is blasted with magical radiation!!!
You kill the dream sheep!
You sock the dream sheep! You burn the dream sheep.
You peck the dream sheep, but do no damage.
You block the dream sheep's attack.
You thump the dream sheep! You burn the dream sheep.
You kill the dream sheep!
No target in view!
Your magical contamination has completely faded away.
Things that are here:
4 large rocks; a dream sheep corpse; a cyclops corpse
c - 613 stones (gained 29)
Things that are here:
a +0 spear; a +0 hunting sling; a faun corpse You now have 328 gold pieces (gained 19).
Key pressed, stopping explore.
Mlioglotl and a wind drake come into view.
Mlioglotl shouts!
The wind drake hisses angrily.
Mlioglotl churns violently!
Mlioglotl seems to grow stronger.
Mlioglotl churns violently!
Mlioglotl corrupts the dungeon around him!
A merfolk impaler comes into view.
It is wielding a +1 antimagic demon trident.
The merfolk impaler shouts!
You hear a roar!
Mlioglotl churns violently!
Mlioglotl corrupts the dungeon around him!
Mlioglotl churns violently!
Mlioglotl corrupts the dungeon around him!
The ynoxinul bellows!
You hear a bark!
You hear a chilling moan.
The white imp gestures at you.
The puff of frost is repelled.
You hear a screech!
The white imp lashes its tail.
The wind drake flaps its wings at you. The air twists around and strikes you!!
The worldbinder calls forth creatures from the Spider Nest!
You block the merfolk impaler's attack.
Mlioglotl churns violently!
Mlioglotl corrupts the dungeon around him!
The merfolk impaler hits you from afar with a +1 antimagic demon trident!
You feel your power leaking away.
A starcursed mass splits.
The merfolk impaler hits the plant with a +1 antimagic demon trident!
The plant begins to die.
The worldbinder calls forth creatures from the Spider Nest!
A starcursed mass splits.
The merfolk impaler hits the plant with a +1 antimagic demon trident!!
The worldbinder calls forth creatures from the Spider Nest!
A starcursed mass splits. x2
The wind drake flaps its wings at you. The air twists around and strikes you!!
Something touches the plant.
The plant begins to die.
Something touches the plant.
The plant begins to die.
A nearby plant withers and dies.
The starcursed mass touches the plant.
The plant begins to die.
Something touches the plant.
The plant begins to die.
Mlioglotl churns violently!
Mlioglotl corrupts the dungeon around him!
The merfolk impaler misses you.
The starcursed mass completely misses the plant.
The wind drake bites the plant!
The plant begins to die.
You block the merfolk impaler's attack.
The starcursed mass touches the plant.
The plant begins to die.
The wind drake flaps its wings at you. The air twists around and strikes you.
Something bites the plant!
The merfolk impaler hits you from afar with a +1 antimagic demon trident.
You feel your power leaking away.
Aim: a merfolk impaler, wielding a +1 antimagic demon trident and wearing a +0 robe (haloed, chance to affect: 58%)
The merfolk impaler is moving more slowly.
Something bites the plant!
The merfolk impaler hits you but does no damage.
Aim: a merfolk impaler, wielding a +1 antimagic demon trident and wearing a +0 robe (petrifying slowly, haloed, chance to affect: 58%)
Okay, then.
Aim: a merfolk impaler, wielding a +1 antimagic demon trident and wearing a +0 robe (petrifying slowly, haloed, 100% to hit)
The stone arrow hits the merfolk impaler!!
A nearby plant withers and dies.
You block the merfolk impaler's attack. x2
The wind drake bites the plant!
The plant begins to die.
Mlioglotl churns violently!
Mlioglotl corrupts the dungeon around him!
The purple draconian roars!
The worldbinder calls forth creatures from the Spider Nest!
The wind drake bites the plant.
The starcursed mass shrieks in your mind.
The great orb of eyes turns its gaze towards you.
The blizzard demon shouts!
The blizzard demon gestures at you. The bolt of lightning hits you. You resist.
A starcursed mass splits.
A nearby plant withers and dies.
The merfolk impaler stops moving altogether!
The wind drake flaps its wings at you. The air twists around and strikes you!
A starcursed mass splits. x2
A merfolk comes into view. It is wielding a +0 trident.
The wind drake flaps its wings at you. The air twists around and strikes you!
* * * LOW HITPOINT WARNING * * *
A starcursed mass splits.
A deafening chorus of shrieks assaults your mind!
* * * LOW HITPOINT WARNING * * *
A starcursed mass splits.
Okay, then.
As you read the scroll of fog, it crumbles to dust.
The scroll dissolves into smoke.
The purple draconian breathes dispelling energy at you.
The bolt of dispelling energy hits you!!
You die...

....≈≈≈ ≈≈≈≈≈≈.###≈≈≈≈≈≈≈≈≈
....≈≈≈≈ ≈≈≈≈≈≈≈≈≈≈≈.###.≈≈≈≈≈≈≈≈
...≈≈≈≈≈ ≈.≈≈≈≈≈≈≈.......≈≈≈≈≈≈≈
≈≈≈≈≈≈≈≈ .≈≈≈≈≈≈≈.......≈≈≈≈≈≈≈≈
≈≈≈≈≈≈≈≈≈..≈≈≈≈≈≈...≈...≈≈≈≈≈≈≈≈
≈≈≈≈≈≈≈≈≈≈≈≈≈≈≈≈..##..†.≈≈≈≈≈≈≈≈
≈≈≈≈≈..≈≈≈≈≈≈≈§≈..##..(.†≈≈≈≈≈≈≈
≈≈≈≈≈..≈≈≈≈≈≈≈≈§§§...###≈≈≈≈≈≈.≈
≈≈.≈≈≈.≈≈≈≈≈≈≈≈§@§§..###)≈≈≈≈≈≈≈
≈≈.≈≈≈≈≈≈≈≈≈≈≈§§§§....#.≈≈≈≈≈≈≈≈
≈≈≈≈≈≈≈≈≈≈≈≈≈≈.§........≈≈≈≈≈≈≈≈
≈≈≈≈≈≈≈≈≈≈≈≈≈≈.......P≈P≈≈≈≈≈≈≈≈
≈≈≈≈≈≈≈≈≈≈≈≈≈≈≈≈.).≈#.≈m≈≈≈≈≈≈≈#
≈≈≈≈≈≈≈≈≈≈≈≈≈Xdm###≈.≈X≈≈≈≈≈≈≈≈≈
≈≈≈≈≈≈≈≈≈≈≈XX≈.X###.GPPXP≈P≈≈≈≈≈
≈≈≈≈≈≈≈≈≈≈≈≈Xs.k##.X≈≈≈≈≈PP≈≈≈≈≈
≈≈≈≈≈≈≈≈≈≈≈≈≈≈.55..≈≈P≈≈PX≈≈≈≈≈≈≈


You could see 7 starcursed masses, Mlioglotl (strong), a purple draconian
(summoned, catching breath), a merfolk impaler (petrified), a great orb of eyes
(summoned), a wind drake (repels missiles), a wolf spider (summoned) and a
merfolk.

Vanquished Creatures
  Rupert (D:14)
  Frances (D:13)
  8 nagarajas
  Azrael (D:12)
  A red draconian (Volcano)
  A great orb of eyes (D:15)
  2 boulder beetles
  Harold (Orc:1)
  3 salamander tyrants (Snake:4)
  20 naga warriors
  A rakshasa (D:15)
  11 hydras
  7 anacondas
  5 centaur warriors
  2 death knights
  2 dancing weapons (D:14)
  2 two-headed ogres
  An ogre mage (D:10)
  12 death yaks
  2 tengu warriors
  7 shock serpents
  29 naga sharpshooters
  A fire crab (shapeshifter) (D:14)
  5 salamander mystics
  6 skeletal warriors
  2 goliath frogs (Lair:6)
  2 sea snakes (Shoals:1)
  A wizard (D:14)
  A phantasmal warrior (D:14)
  8 mana vipers
  8 naga ritualists
  3 lindwurms (Lair:5)
  4 orc knights
  A necromancer (IceCv)
  An orc sorcerer (Orc:2)
  A deep elf pyromancer (D:10)
  20 ugly things
  17 salamanders
  3 cyclopes
  A faun (Shoals:1)
  3 merfolk sirens (Lair:3)
  4 manticores
  A guardian serpent (shapeshifter) (D:10)
  An ice statue (IceCv)
  38 black mambas
  3 guardian serpents
  Maurice (Orc:1)
  5 elephants
  24 naga magi
  2 unseen horrors
  A gargoyle (D:11)
  A yaktaur (shapeshifter) (D:13)
  A torpor snail (Lair:6)
  26 cane toads
  Psyche (D:10)
  5 freezing wraiths
  5 rime drakes
  2 anaconda simulacra (IceCv)
  8 komodo dragons
  2 yaktaurs (D:15)
  12 ice devils
  An entropy weaver simulacrum (IceCv)
  3 tengu conjurers (D:14)
  A merfolk (Lair:3)
  A hornet (D:8)
  4 polar bears
  10 trolls
  7 blink frogs (Lair:6)
  3 tyrant leeches (Lair:6)
  9 slime creatures
  16 dream sheep
  A centaur simulacrum (D:10)
  A snapping turtle (Shoals:1)
  A water elemental (Shoals:1)
  6 wraiths
  A human (shapeshifter) (D:15)
  5 wyverns
  6 basilisks
  9 fire bats (Volcano)
  3 fire elementals
  A steam dragon (D:9)
  A death yak simulacrum (IceCv)
  60 yaks
  15 vampire mosquitoes
  4 harpy simulacra (IceCv)
  2 acid dragons
  47 nagas
  3 wargs
  3 hell hounds
  23 water moccasins
  35 orc warriors
  2 sky beasts (D:7)
  An ice beast (D:6)
  4 black bears
  2 necrophages
  3 ogres
  9 wolves (Lair:2)
  20 centaurs
  A kobold brigand (D:7)
  A gnoll sergeant (D:12)
  24 bullfrogs
  4 scorpions
  3 two-headed ogre simulacra (IceCv)
  7 cane toad simulacra (IceCv)
  2 elephant simulacra (IceCv)
  3 killer bees (D:11)
  3 wights (D:5)
  4 electric eels (Snake:1)
  2 howler monkeys (D:9)
  4 centaur zombies
  A bullfrog zombie (D:5)
  A crimson imp (D:8)
  9 lava snakes (Volcano)
  A jelly (D:7)
  10 orc priests
  A gnoll shaman (D:6)
  2 iguanas
  2 bullfrog skeletons
  2 centaur skeletons (D:6)
  15 orc wizards
  A polar bear simulacrum (IceCv)
  9 wolf simulacra (IceCv)
  4 adders
  17 gnolls
  2 howler monkey skeletons
  A white imp (D:3)
  4 ufetubi
  An adder skeleton (D:4)
  3 dart slugs
  59 orcs
  2 ball pythons
  2 endoplasms (D:4)
  2 giant cockroaches (D:1)
  3 goblins
  9 hobgoblins
  A quokka (D:4)
  3 bats
  13 frilled lizards
  15 kobolds
  A rat (D:2)
928 creatures vanquished.

Vanquished Creatures (others)
  An orc warrior (Orc:2)
  74 fungi
  183 plants
258 creatures vanquished.

Grand Total: 1186 creatures vanquished

Notes
Turn   | Place    | Note
-------+----------+-------------------------------------------
     0 | D:1      | CryoSword the Gargoyle Earth Elementalist began the quest
                  | for the Orb.
     0 | D:1      | Reached XP level 1. HP: 10/10 MP: 3/3
   372 | D:1      | Reached XP level 2. HP: 8/16 MP: 0/5
   376 | D:1      | Reached skill level 1 in Conjurations
   538 | D:1      | Reached skill level 4 in Earth Magic
  1221 | D:1      | Reached skill level 1 in Fighting
  1224 | D:1      | Learned a level 2 spell: Passwall
  1428 | D:2      | Reached XP level 3. HP: 20/20 MP: 6/6
  1536 | D:2      | Found a blossoming altar of Fedhas.
  1951 | D:2      | Learned a level 3 spell: Stone Arrow
  2467 | D:3      | Found a faded altar of an unknown god.
  3173 | D:3      | Reached XP level 4. HP: 25/25 MP: 7/7
  3441 | D:4      | Noticed a scorpion
  3460 | D:4      | Killed a scorpion
  3461 | D:4      | Reached skill level 1 in Staves
  3461 | D:4      | Reached XP level 5. HP: 18/30 MP: 0/8
  3784 | D:4      | Reached skill level 5 in Earth Magic
  3933 | D:4      | Reached XP level 6. HP: 35/35 MP: 7/9
  4046 | D:4      | Found a staircase to the Ecumenical Temple.
  4055 | Temple   | Entered the Ecumenical Temple
  4131 | Temple   | Became a worshipper of the Shining One
  4246 | D:4      | Found a bloodstained altar of Trog.
  4254 | D:4      | Found an iron altar of Okawaru.
  4445 | D:4      | Found a runed translucent gate.
  4446 | D:4      | Found a runed translucent gate.
  4457 | D:4      | Found a runed translucent gate.
  4457 | D:4      | Identified the +4 ring mail "Naicyup" {rPois Will+ Dex-3}
  4457 | D:4      | Noticed student91827's ghost (amateur HuBe)
  4595 | D:5      | Entered Level 5 of the Dungeon
  4626 | D:5      | Reached skill level 1 in Shields
  5220 | D:5      | Reached XP level 7. HP: 24/40 MP: 5/10
  5357 | D:5      | Reached * piety under the Shining One
  5358 | D:5      | Reached skill level 6 in Earth Magic
  5900 | D:6      | Reached skill level 1 in Invocations
  5900 | D:6      | Reached XP level 8. HP: 46/46 MP: 3/11
  6103 | D:6      | Reached skill level 1 in Evocations
  6578 | D:6      | Found an ornate altar of the Wu Jian Council.
  6623 | D:6      | Reached skill level 5 in Conjurations
  6973 | D:6      | Learned a level 4 spell: Petrify
  7153 | D:6      | Reached skill level 7 in Earth Magic
  7377 | D:6      | You fall into a shaft and drop 1 floor!
  7386 | D:7      | Reached ** piety under the Shining One
  7429 | D:7      | Reached XP level 9. HP: 49/52 MP: 2/13
  8039 | D:7      | Reached skill level 5 in Shields
  8784 | D:8      | Reached skill level 8 in Earth Magic
  9049 | D:8      | Noticed a hornet
  9055 | D:8      | Killed a hornet
  9174 | D:8      | Reached XP level 10. HP: 39/58 MP: 3/14
  9592 | D:8      | Found a burning altar of Makhleb.
  9604 | D:8      | Found a radiant altar of Vehumet.
  9831 | D:8      | Found a shadowy altar of Dithmenos.
  9831 | D:8      | Found an opulent altar of Gozag.
 10057 | D:9      | Reached skill level 5 in Fighting
 10078 | D:9      | Reached skill level 9 in Earth Magic
 10101 | D:8      | Reached skill level 5 in Staves
 10728 | D:9      | Reached *** piety under the Shining One
 11237 | D:9      | Found a staircase to the Lair.
 11334 | D:10     | Entered Level 10 of the Dungeon
 11435 | D:10     | Noticed Psyche
 11440 | D:10     | Noticed an unseen horror
 11441 | D:10     | Killed Psyche
 11442 | D:10     | Reached XP level 11. HP: 64/64 MP: 15/16
 11604 | D:10     | Noticed a death knight
 11606 | D:10     | Noticed a deep elf pyromancer
 11752 | D:10     | Killed a death knight
 11753 | D:10     | Reached skill level 10 in Earth Magic
 11811 | D:10     | Killed a deep elf pyromancer
 11828 | D:10     | Noticed a six-headed hydra
 11834 | D:10     | Killed a six-headed hydra
 11835 | D:10     | Reached skill level 5 in Invocations
 11935 | D:10     | Got the Almanac of Creative Cold
 12198 | D:10     | Noticed a manticore
 12208 | D:10     | Killed a manticore
 12289 | D:10     | Identified the +1 leather armour "Eprudan" {rElec rPois
                  | Dex+4}
 12351 | D:10     | Found a glowing silver altar of Zin.
 12690 | D:10     | Identified the +6 flail "Zilets" {flame, rC+++ Will+++
                  | Str-2 Dex-2}
 12690 | D:10     | Noticed an ogre mage
 12693 | D:10     | Paralysed by an ogre mage for 4 turns
 12697 | D:10     | Killed an ogre mage
 12843 | D:10     | Reached skill level 1 in Maces & Flails
 13067 | D:11     | Reached skill level 1 in Transmutations
 13435 | D:11     | Reached XP level 12. HP: 66/71 MP: 14/18
 13770 | D:11     | Noticed a two-headed ogre
 13774 | D:11     | Killed a two-headed ogre
 14033 | D:11     | Found Qyesmykk's Distillery.
 14041 | D:11     | Bought a potion of haste for 130 gold pieces
 14041 | D:11     | Bought a potion of berserk rage for 65 gold pieces
 14041 | D:11     | Bought a potion of mutation for 104 gold pieces
 14041 | D:11     | Bought a potion of curing for 39 gold pieces
 14176 | Lair:1   | Entered Level 1 of the Lair of Beasts
 14193 | Lair:1   | You fall into a shaft and drop 1 floor!
 14198 | Lair:2   | Reached skill level 5 in Maces & Flails
 14653 | Lair:1   | Reached **** piety under the Shining One
 14699 | Lair:1   | Noticed a six-headed hydra
 14702 | Lair:1   | Killed a six-headed hydra
 15033 | Lair:1   | Noticed a seven-headed hydra
 15050 | Lair:1   | Killed a seven-headed hydra
 16586 | Lair:2   | Noticed a seven-headed hydra
 16603 | Lair:2   | Reached XP level 13. HP: 75/75 MP: 19/19
 17007 | Lair:2   | Identified 2 scrolls of acquirement
 17009 | Lair:2   | Acquired the +1 pair of boots "Ubaehuw" {Dex+3 Slay+3}
 17022 | Lair:2   | Acquired the Compendium of Lethal Flight
 17030 | Lair:2   | Learned a level 5 spell: Iskenderun's Battlesphere
 17032 | Lair:2   | Learned a level 1 spell: Apportation
 17137 | Lair:3   | Reached skill level 5 in Transmutations
 18021 | Lair:3   | Reached skill level 10 in Maces & Flails
 18132 | Lair:3   | Found a staircase to the Snake Pit.
 18341 | Lair:3   | Found a staircase to the Shoals.
 18529 | Lair:4   | Reached skill level 10 in Shields
 18955 | Lair:4   | Found a dark tunnel.
 18986 | Volcano  | Entered a volcano
 19418 | Volcano  | Noticed a red draconian
 19426 | Volcano  | Gained mutation: Your large and strong wings let you fly.
                  | [Gargoyle growth]
 19426 | Volcano  | Reached XP level 14. HP: 65/80 MP: 11/20
 19437 | Volcano  | Killed a red draconian
 19452 | Volcano  | Found a radiant altar of Vehumet.
 20762 | Lair:5   | Reached skill level 1 in Translocations
 21813 | Lair:6   | Entered Level 6 of the Lair of Beasts
 22544 | Lair:6   | Reached skill level 1 in Armour
 22561 | Lair:6   | Reached ***** piety under the Shining One
 22923 | Lair:6   | Found a runed translucent door.
 22923 | Lair:6   | Found a viscous altar of Jiyva.
 22996 | Lair:6   | Reached skill level 5 in Spellcasting
 23283 | Lair:6   | Found a staircase to the Slime Pits.
 23597 | Lair:6   | Reached XP level 15. HP: 85/85 MP: 10/22
 23630 | Lair:6   | Reached skill level 11 in Earth Magic
 24925 | D:12     | Found a staircase to the Orcish Mines.
 24958 | D:12     | Reached skill level 5 in Evocations
 25170 | D:12     | Found a frozen archway.
 25185 | IceCv    | Entered an ice cave
 25309 | IceCv    | Reached ****** piety under the Shining One
 25608 | IceCv    | Found an ancient bone altar of Kikubaaqudgha.
 25733 | IceCv    | Reached skill level 10 in Conjurations
 26739 | D:13     | Noticed Frances
 26900 | D:13     | Noticed Azrael
 26904 | D:13     | Killed Frances
 26915 | D:12     | Killed Azrael
 28475 | D:14     | Identified the ring "Hinuxuve" {rC+ rN+}
 28513 | D:14     | Reached skill level 5 in Armour
 28958 | D:14     | Reached XP level 16. HP: 88/92 MP: 6/23
 29151 | D:14     | Found a gate to the Vaults.
 29240 | D:14     | Reached skill level 12 in Earth Magic
 29906 | D:15     | Entered Level 15 of the Dungeon
 29906 | D:15     | Noticed Rupert
 29954 | D:14     | Killed Rupert
 29955 | D:14     | Reached skill level 5 in Dodging
 30151 | D:15     | Noticed Gosau's ghost (journeyman DsGl)
 30152 | D:15     | Found a transporter.
 30157 | D:15     | Found a transporter.
 30820 | D:15     | Learned a level 5 spell: Irradiate
 31418 | D:15     | Found a staircase to the Depths.
 31572 | Orc:1    | Entered Level 1 of the Orcish Mines
 31644 | Orc:1    | Noticed Maurice
 31650 | Orc:1    | Killed Maurice
 31860 | Orc:1    | Noticed Harold
 31875 | Orc:1    | Killed Harold
 32260 | Orc:2    | Entered Level 2 of the Orcish Mines
 32470 | Orc:2    | Found a staircase to the Elven Halls.
 32888 | Orc:2    | Found Ysenyhac's Distillery.
 32888 | Orc:2    | Found Foj Pely's Jewellery Emporium.
 32888 | Orc:2    | Found Antoforch's Assorted Antiques.
 32891 | Orc:2    | Found Panios's Armour Shop.
 32895 | Orc:2    | Bought a potion of cancellation for 128 gold pieces
 32895 | Orc:2    | Bought a potion of berserk rage for 80 gold pieces
 32895 | Orc:2    | Bought a potion of berserk rage for 80 gold pieces
 32895 | Orc:2    | Bought a potion of might for 64 gold pieces
 32895 | Orc:2    | Bought a potion of heal wounds for 80 gold pieces
 32895 | Orc:2    | Bought a potion of degeneration for 16 gold pieces
 32900 | Orc:2    | Bought a scroll labelled JUOKAX TESU for 29 gold pieces
 32900 | Orc:2    | Bought a glass ring for 145 gold pieces
 32900 | Orc:2    | Bought a scroll of identify for 58 gold pieces
 32900 | Orc:2    | Bought a scroll of identify for 58 gold pieces
 32900 | Orc:2    | Bought a potion of lignification for 87 gold pieces
 33295 | Snake:1  | Entered Level 1 of the Snake Pit
 33602 | Snake:1  | Found a shimmering altar of Xom.
 33756 | Snake:1  | Reached skill level 13 in Earth Magic
 34161 | Snake:1  | Found Qozxuugi's Book Boutique.
 34161 | Snake:1  | Found Fyadghesh's Jewellery Shoppe.
 34162 | Snake:1  | Found Geitoris's Book Boutique.
 34180 | Snake:1  | Bought a book of Power for 714 gold pieces
 34234 | Snake:1  | Bought an amulet of reflection for 360 gold pieces
 34538 | Snake:1  | Reached XP level 17. HP: 83/99 MP: 25/25
 34623 | Snake:1  | Identified the +1 ring mail of Boredom {Will- rCorr Int+2
                  | Dex+2}
 36777 | Snake:3  | Found Asext's General Store.
 36788 | Snake:3  | Gained mutation: Your spells are a little easier to cast,
                  | but a little less powerful. [mutagenic glow]
 37005 | Snake:3  | Bought a potion of haste for 130 gold pieces
 37005 | Snake:3  | Bought a scroll of identify for 26 gold pieces
 37005 | Snake:3  | Bought a potion of haste for 130 gold pieces
 38005 | Snake:4  | Entered Level 4 of the Snake Pit
 38330 | Snake:4  | Reached skill level 14 in Earth Magic
 39043 | Snake:4  | Reached XP level 18. HP: 94/106 MP: 27/27
 39624 | Snake:4  | Gained mutation: You sometimes lose the ability to read
                  | scrolls when taking damage. [mutagenic glow]
 39632 | Snake:4  | Lost mutation: Your spells are a little easier to cast, but
                  | a little less powerful. [mutagenic glow]
 39638 | Snake:3  | Lost mutation: You sometimes lose the ability to read
                  | scrolls when taking damage. [potion of mutation]
 39638 | Snake:3  | Gained mutation: You have a beak for a mouth. [potion of
                  | mutation]
 39638 | Snake:3  | Gained mutation: You are weak. (Str -2) [potion of
                  | mutation]
 39638 | Snake:3  | Gained mutation: You have a pair of small antennae on your
                  | head. [potion of mutation]
 40168 | Snake:4  | Reached skill level 10 in Fighting
 40898 | Snake:4  | Got a serpentine rune of Zot
 41017 | Snake:1  | Bought a ring of protection from fire for 300 gold pieces
 41337 | Snake:4  | Learned a level 6 spell: Iron Shot
 41637 | Shoals:1 | Entered Level 1 of the Shoals
 41960 | Shoals:1 | Noticed Mlioglotl
 41986 | Shoals:1 | Killed from afar by a purple draconian

Illustrated notes

Levels and vault maps discovered:
D:1:      psy_arrival_basics, layout_basic, chequers_hall_statues_y,
          kennysheep_minor_cross, minmay_lizard_king
D:2:      cheibrodos_old_hovel, layout_basic, basic_altar,
          minmay_tree_intersection
D:3:      layout_loops_ring, dreamdust_ecumenical_altar_grove, serial_glass,
          glass_columns_a, glass_columns_a, glass_columns_a, glass_columns_a
D:4:      layout_loops_cross, grunt_temple_overflow_bloody_war,
          temple_fountains, biasface_ghost_orc_armoury
D:5:      layout_rooms, chequers_serial_rivers_micro_c,
          kennysheep_generic_room_4
D:6:      layout_loops_corners, pdpol_wu_jian_five_deadly_venoms
D:7:      layout_cave_pods, minmay_diced_spiral
D:8:      layout_basic, gammafunk_temple_overflow_elements,
          grunt_temple_overflow_lords_of_destruction, serial_bayou_pond_d,
          hangedman_abyss_or_decor_passed
D:9:      layout_rooms, grunt_lair_entry_orc_guard_hut, skrybe_limestone_x
D:10:     minmay_the_grid_four_pointed_star_mashed
          [minmay_the_grid_triangle_9x9_corruption,
          minmay_the_grid_triangle_9x9_intruding_spiral,
          minmay_the_grid_triangle_9x9_empty,
          minmay_the_grid_triangle_9x9_wacky_v,
          minmay_the_grid_prize_trominoes], layout_small_grid, zin_statuary,
          uniq_psyche
D:11:     layout_loops_ring, serial_shops, shop
D:12:     layout_cave_pools, erik_orc_3, portal_ice_cave_demonic_guard,
          minivault_10
D:13:     layout_rooms, uniq_frances, uniq_azrael
D:14:     layout_roguey, erik_vaults_1, kennysheep_decorative_pillar
D:15:     gammafunk_enter_depths_forms, layout_loops_ring, gammafunk_ghost_hive,
          hangedman_abyss_or_decor_clamps, uniq_rupert
Temple:   eino_temple_lava
Lair:1:   layout_big_grid, bh_autumn_forest_stairs, st_stairs_7,
          serial_bayou_crossing, grunt_megastairs_5, lemuel_fruit_tree
Lair:2:   layout_regular_city, beast_lair_carwin_10
Lair:3:   layout_misc_corridors, elwin_shoals_entry_stream,
          guppyfry_snake_entry_island, serial_bayou_pond_d
Lair:4:   layout_long_grid, enter_volcano_4
Lair:5:   layout_cave_pods, minivault_11, nicolae_lair_lindhole,
          infiniplex_staircase_pool_2
Lair:6:   minmay_lair_end_frog_pond, layout_regular_city, slime_altar_2,
          serial_forest, infiniplex_forest_lined_2,
          infiniplex_forest_clump_tiny, infiniplex_forest_lined_corner,
          infiniplex_forest_lined_2, infiniplex_forest_clump_curved,
          infiniplex_forest_clump_double
Shoals:1: layout_shoals, uniq_mlioglotl
Snake:1:  nicolae_snake_shooting_gallery, layout_layer_cave, basic_altar,
          minmay_shop_grove
Snake:2:  layout_honeycomb
Snake:3:  layout_grid_maze, serial_shops,
          nicolae_shop_competitors_out_of_business
Snake:4:  snake_pit, layout_cave_town
Orc:1:    layout_caves, nicolae_orc_pool_cavern, nicolae_orc_stony_grotto,
          uniq_maurice, uniq_harold
Orc:2:    st_orc_rangers, layout_diamond_mine

Skill      XL: |  1  2  3  4  5  6  7  8  9 10 11 12 13 14 15 16 17 18 |
---------------+-------------------------------------------------------+-----
Conjurations   | 1 2 3 4 5 7 8 9 10 11 12 13 | 13.0
Earth Magic    | 4 5 6 7 8 9 10 11 13 14 | 14.0
Fighting       | 1 2 3 4 5 6 7 8 9 10 | 10.4
Staves         | 1 2 3 4 5 6 |  6.5
Shields        | 2 3 4 6 7 9 10 11 12 | 12.6
Invocations    | 1 2 3 4 5 6 7 8 9 |  9.2
Evocations     | 1 2 3 4 5 |  5.5
Spellcasting   | 3 4 5 6 |  6.5
Maces & Flails | 3 8 11 12 13 | 13.3
Transmutations | 1 4 6 7 8 9 |  9.1
Translocations | 3 4 |  4.0
Armour         | 2 5 7 9 |  9.0
Dodging        | 2 4 6 7 8 |  8.3
Stealth        | |  2.1

Action                   |  1- 3 |  4- 6 |  7- 9 | 10-12 | 13-15 | 16-18 || total
-------------------------+-------+-------+-------+-------+-------+-------++-------
Melee: Short sword       |    68 |       |       |       |       |       ||    68
       Unarmed           |     1 |       |       |       |       |       ||     1
       Staff             |    86 |    99 |   186 |   106 |       |       ||   477
       Punch             |     1 |     1 |     6 |     2 |       |       ||    10
       Flail             |       |       |       |    79 |   733 |   849 ||  1661
       Peck              |       |       |       |       |       |    63 ||    63
Throw: Throwing net      |       |       |       |       |     1 |       ||     1
       Dart              |       |       |       |       |       |     2 ||     2
 Cast: Sandblast         |    17 |    48 |    24 |    46 |   102 |     5 ||   242
       Stone Arrow       |       |       |    68 |   212 |   467 |   202 ||   949
       Petrify           |       |       |       |       |     2 |     5 ||     7
       Irradiate         |       |       |       |       |       |   124 ||   124
       Iskenderun's Batt |       |       |       |       |       |    12 ||    12
Invok: Divine Shield     |       |       |       |     1 |     4 |     6 ||    11
Evoke: Wand              |       |       |       |       |     1 |    11 ||    12
  Use: Scroll            |       |     4 |       |     2 |    17 |    14 ||    37
       Potion            |       |       |     1 |       |     3 |     2 ||     6
 Stab: Sleeping          |     4 |     1 |       |       |       |       ||     5
Armor: Robe              |    78 |    49 |       |       |       |       ||   127
       Leather armour    |       |       |   129 |    56 |       |       ||   185
       Troll leather arm |       |       |       |    96 |   482 |   415 ||   993
       Ring mail         |       |       |       |       |     5 |       ||     5
Dodge: Dodged            |   108 |    61 |   132 |   137 |   365 |   450 ||  1253
       Repelled          |       |       |       |       |    13 |    64 ||    77
Block: Kite shield       |       |       |       |   127 |   665 |   631 ||  1423
       Reflection        |       |       |       |       |       |   147 ||   147
       Tower shield      |       |       |       |       |       |   452 ||   452
